 Dungeon Crawl Stone Soup version 0.25-a0-942-g87a5396 (webtiles) character file.

Game seed: 8507288009948567422, levelgen mode: deterministic

87 DrEnzyme the Skirmisher (level 4, -2/26 HPs)
             Began as a Kobold Wanderer on May 6, 2020.
             Shot with an arrow by a centaur (10 damage)
             ... on level 3 of the Dungeon.
             The game lasted 00:06:40 (2655 turns).

DrEnzyme the Skirmisher (Kobold Wanderer)           Turns: 2655, Time: 00:06:41

Health: -2/26      AC:  6    Str: 11    XL:     4   Next: 80%
Magic:  6/6        EV: 13    Int: 13    God:
Gold:   160        SH:  4    Dex: 13    Spells: 6/6 levels left

rFire    . . .     SeeInvis .   c - +0 spear
rCold    . . .     Gourm    .   j - +0 buckler
rNeg     . . .     Faith    .   b - +2 leather armour
rPois    .         Spirit   .   (no helmet)
rElec    .         Reflect  .   k - +0 cloak
rCorr    .         Harm     .   (no gloves)
MR       .....                  (no boots)
Stlth    ++........             (no amulet)
HPRegen  0.08/turn              (no ring)
MPRegen  0.10/turn              (no ring)

@: no status effects
A: small, carnivore
a: no special abilities


You were on level 3 of the Dungeon.
You were completely stuffed.

You visited 1 branch of the dungeon, and saw 3 of its levels.

You collected 160 gold pieces.

Inventory:

Hand Weapons
 a - a +0 quarterstaff
 c - a +0 spear (weapon)
Armour
 b - a +2 leather armour (worn)
 j - a +0 buckler (worn)
 k - a +0 cloak (worn)
Wands
 e - a wand of acid (8)
Scrolls
 d - 2 scrolls of noise {unknown}
 i - a scroll of identify
 l - a scroll of teleportation
 o - a scroll of amnesia {unknown}
 p - a scroll of enchant weapon {unknown}
Potions
 g - a potion of mutation {unknown}
 h - a potion of lignification {unknown}
 m - a potion of brilliance {unknown}
 n - a potion of berserk rage {unknown}
 q - a potion of might {unknown}
 s - a potion of stabbing {unknown}
Comestibles
 f - 5 rations
 r - a chunk of flesh


   Skills:
 + Level 2.1 Fighting
 + Level 1.9 Polearms
 - Level 1.4 Throwing
 + Level 1.8 Dodging
 * Level 2.0 Stealth
 * Level 0.9 Shields
 + Level 1.6 Spellcasting
   Level 2.0 Summonings
   Level 2.0 Earth Magic
 + Level 1.2 Evocations


You had 6 spell levels left.
You didn't know any spells.
Your spell library was empty.

Dungeon Overview and Level Annotations

Branches:
Dungeon (3/15)

Altars:
Vehumet

Annotations:
D:3 Ijyb


Innate Abilities, Weirdness & Mutations

You are small and have problems with some larger weapons.
You are carnivorous and can eat meat at any time.


Message History

You start resting.
HP restored.
Found a fizzy orange potion.
A centaur comes into view.
The centaur shouts!
The centaur wields a +0 shortbow.
The centaur shoots an arrow.
The arrow hits you.
You see here an arrow.
The centaur shoots an arrow.
The arrow hits you!
You see here an arrow.
The centaur shoots an arrow.
The arrow hits you.
You see here an arrow.
Evoke which item? (* to show all) (? for menu, Esc to quit)
Aiming: Corrosive Bolt
Press: ? - help, Shift-Dir - straight line, f - centaur
Aim: a centaur, wielding a +0 shortbow and quivering 13 arrows The bolt of acid hits the centaur!
The centaur is splashed with acid!
The centaur is almost dead.
The centaur shoots an arrow.
The arrow hits you!
You die...

.. .. #.####### .###
........ ...
.###.....########c####
......................
.#................#
.##.......#...#(..#
.##......###.###(.#
.##.......#...#.@.#
.##........._.....#
.##.#+#+).#...#...#
.#....#..###.###!.#
.#..###...#...#....
............^.......
....................
..........#####......
..........#


You could see a centaur.

Vanquished Creatures
  3 adders (D:2)
  2 dart slugs (D:2)
  A leopard gecko (D:1)
  An orc (D:3)
  4 giant cockroaches
  3 goblins
  4 hobgoblins
  4 jackals
  A quokka (D:2)
  2 ball pythons
  5 bats (D:1)
  4 frilled lizards (D:1)
  12 kobolds
  8 rats
54 creatures vanquished.

Notes
Turn   | Place    | Note
-------+----------+-------------------------------------------
     0 | D:1      | DrEnzyme the Kobold Wanderer began the quest for the Orb.
     0 | D:1      | DrEnzyme set off with the following items: a +0
                  | quarterstaff, a +2 leather armour, a +0 spear, a ration
     0 | D:1      | Reached XP level 1. HP: 12/12 MP: 2/2
   288 | D:1      | Reached XP level 2. HP: 15/17 MP: 3/3
   633 | D:1      | Reached XP level 3. HP: 15/21 MP: 5/5
  1315 | D:2      | Reached skill level 1 in Stealth
  1362 | D:1      | Reached XP level 4. HP: 18/26 MP: 6/6
  2187 | D:3      | Noticed Ijyb
  2555 | D:3      | Found a radiant altar of Vehumet.
  2652 | D:3      | Noticed a centaur
  2655 | D:3      | Shot with an arrow by a centaur

Levels and vault maps discovered:
D:1:      scummos_arrival_simple_crosswalls, layout_rooms,
          serial_park_tiny_pond, bh_walls_and_bars
D:2:      layout_basic, first_ration
D:3:      cheibrodos_pilgrimage, layout_basic, vehumet_crystals, uniq_ijyb,
          uniq_robin

Skill      XL: |  1  2  3  4 |
---------------+-------------+-----
Fighting       | 2 |  2.1
Stealth        | 1 2 |  2.0
Polearms       | |  1.9
Throwing       | |  1.4
Dodging        | |  1.8
Shields        | |  0.9
Spellcasting   | |  1.6
Summonings     | |  2.0
Earth Magic    | |  2.0
Evocations     | |  1.2

Action                   |  1- 3 |  4- 6 || total
-------------------------+-------+-------++-------
Melee: Quarterstaff      |     8 |       ||     8
       Spear             |   121 |   122 ||   243
Evoke: Wand              |       |     1 ||     1
  Use: Scroll            |     1 |     1 ||     2
       Potion            |     1 |       ||     1
 Stab: Sleeping          |     1 |     1 ||     2
       Distracted        |     1 |       ||     1
  Eat: Chunk             |     7 |     7 ||    14
Armor: Leather armour    |    43 |    22 ||    65
Dodge: Dodged            |   122 |    67 ||   189
Block: Buckler           |    10 |    18 ||    28

Table legend:
 A = Non-vault XP
 B = Vault XP
 C = Vault XP percentage of total XP
 D = Non-vault monster count
 E = Vault monster count
 F = Vault count percentage of total count
                 A         B        C        D         E       F
            +---------+---------+-------+---------+---------+-------
      Total |     125 |       0 |   0.0 |      54 |       0 |   0.0
            +---------+---------+-------+---------+---------+-------
        D:1 |      41 |       0 |   0.0 |      27 |       0 |   0.0
        D:2 |      78 |       0 |   0.0 |      24 |       0 |   0.0
        D:3 |       6 |       0 |   0.0 |       3 |       0 |   0.0
            +---------+---------+-------+---------+---------+-------
